 Dungeon Crawl Stone Soup version 0.21-a0-529-g8c7b3f5 (webtiles) character file.

52 slep the Ducker (level 3, -1/18 HPs)
             Began as a Vine Stalker Gladiator on Dec 11, 2017.
             Killed by divine providence
             ... invoked by an orc priest
              (7 damage)
             ... on level 3 of the Dungeon.
             The game lasted 00:05:35 (1276 turns).

slep the Ducker (Vine Stalker Gladiator)            Turns: 1276, Time: 00:05:35

Health: -1/18      AC:  5    Str: 17    XL:     3   Next: 85%
Magic:  0/4        EV:  8    Int:  8    God:
Gold:   110        SH:  0    Dex: 15    Spells: 2/2 levels left

rFire    . . .     SeeInvis .   g - +2 hand axe (flame)
rCold    . . .     Gourm    .   (no shield)
rNeg     . . .     Faith    .   b - +0 leather armour
rPois    .         Spirit   +   c - +0 helmet
rElec    .         Reflect  .   s - +0 cloak
rCorr    .         Harm     .   (no gloves)
MR       .....                  (no boots)
Stlth    +.........             (no amulet)
HPRegen  0.06/turn              j - -5 ring of evasion (curse)
MPRegen  0.09/turn              (no ring)

@: no status effects
A: fangs 2, magic shield, antimagic bite, no potion heal 3, rot immunity
a: no special abilities


You were on level 3 of the Dungeon.
You were not hungry.

You visited 1 branch of the dungeon, and saw 3 of its levels.

You collected 110 gold pieces.

Inventory:

Hand Weapons
 a - a +0 war axe
 g - a +2 hand axe of flaming (weapon)
Missiles
 d - 3 throwing nets (quivered)
 n - 3 curare-tipped needles
Armour
 b - a +0 leather armour (worn)
 c - a +0 helmet (worn)
 s - a +0 cloak (worn)
Jewellery
 j - a cursed -5 ring of evasion (left hand)
 r - a -3 ring of protection
 w - an uncursed ring of loudness
Scrolls
 e - a scroll of fear {unknown}
 i - 3 scrolls of remove curse
 o - 3 scrolls of immolation {unknown}
 p - 3 scrolls of identify {unknown}
 t - a scroll of random uselessness {unknown}
Potions
 h - a potion of mutation {unknown}
 l - a potion of magic {unknown}
 m - a potion of agility {unknown}
 q - a potion of degeneration {unknown}
 v - a potion of haste {unknown}
Comestibles
 f - 2 bread rations
 k - a meat ration
 u - a royal jelly


   Skills:
 + Level 2.0 Fighting
 + Level 3.1 Axes
 + Level 1.9 Throwing
 + Level 0.8 Armour
 + Level 3.1 Dodging
 + Level 0.3 Stealth


You had 2 spell levels left.
You didn't know any spells.

Dungeon Overview and Level Annotations

Branches:
Dungeon (3/15)

Altars:


Innate Abilities, Weirdness & Mutations

You have extremely sharp teeth.
When hurt, damage is shared between your health and your magic reserves.
Your bite disrupts and absorbs the magic of your enemies.
Potions cannot restore your health.
You are immune to rotting.


Message History

You climb downwards.
An orc and an orc priest come into view.
The orc is wielding a flail of pain.
The orc priest shouts!
You hear a shout!
There is a stone staircase leading up here.
The orc shouts!
The orc priest hits you with a flail!
An orc comes into view. It is wielding a hand axe.
You closely miss the orc priest. Your bite misses the orc priest.
The orc priest hits you with a flail.
You barely miss the orc priest. You bite the orc priest. You drain its power.
You feel invigorated.
The orc priest is moderately wounded.
The orc priest hits you with a flail.
You hit the orc priest. You burn the orc priest.
You bite the orc priest, but do no damage.
The orc priest is moderately wounded.
The orc priest calls down the wrath of Beogh upon you.
Beogh smites you!
You die...

#.#
#.#
#.#
#o#
#.#
#o#
#o#
#@#
#.#
#<#
###


You could see an orc priest and 2 orcs.

Vanquished Creatures
  2 adders (D:2)
  A worm (D:2)
  3 dart slugs
  3 leopard geckos (D:2)
  A giant cockroach (D:1)
  3 goblins
  2 hobgoblins (D:2)
  A quokka (D:2)
  6 bats
  A frilled lizard (D:2)
  A rat (D:2)
24 creatures vanquished.

Notes
Turn   | Place    | Note
-------+----------+-------------------------------------------
     0 | D:1      | slep the Vine Stalker Gladiator began the quest for the Orb.
     0 | D:1      | Reached XP level 1. HP: 11/11 MP: 2/2
   320 | D:1      | Reached XP level 2. HP: 15/15 MP: 3/3
   760 | D:2      | Reached XP level 3. HP: 11/18 MP: 2/4
  1276 | D:3      | Killed from afar by an orc priest

Vault maps used:
D:1:      tarquinn_simple_flora_water_f, lemuel_flame_loot_1
D:3:      gammafunk_wand_slinger, grunt_gozag_statues, lemuel_blue_sif_altar

Skill      XL: |  1  2  3 |
---------------+----------+-----
Axes           | 3 |  3.1
Dodging        | 3 |  3.1
Fighting       | 2 |  2.0
Throwing       | |  1.9
Armour         | |  0.8
Stealth        | |  0.3

Action                   || total
-------------------------++-------
Melee: Hand axe          ||    49
       Bite              ||    13
  Use: Scroll            ||     1
 Stab: Sleeping          ||     2
  Eat: Chunk             ||     1
Armor: Leather armour    ||    12
Dodge: Dodged            ||    26

Table legend:
 A = Spawn XP
 B = Non-spawn XP
 C = Spawn XP percentage of total XP
 D = Spawn monster count
 E = Non-spawn monster count
 F = Spawn count percentage of total count
 G = Total turns spent on level
                    A         B        C        D         E        F      G
               +---------+---------+-------+---------+---------+-------+---------
         Total |       0 |      75 |   0.0 |       0 |      24 |   0.0 |  1276
               +---------+---------+-------+---------+---------+-------+---------
           D:1 |       0 |      12 |   0.0 |       0 |       6 |   0.0 |   696
           D:2 |       0 |      63 |   0.0 |       0 |      18 |   0.0 |   575
               +---------+---------+-------+---------+---------+-------+---------
